 Dungeon Crawl Stone Soup version 0.29-a0-275-g389c0b56f3 (webtiles) character file.

Game seed: 15672740773643353183

9 jmlagarto the Skirmisher (level 2, -2/27 HPs)
             Began as a Minotaur Abyssal Knight on Mar 10, 2022.
             Was a Believer of Lugonu.
             Slain by a kobold
             ... wielding a +0 short sword of protection
              (5 damage)
             ... on level 1 of the Dungeon.
             The game lasted 00:00:33 (249 turns).

jmlagarto the Skirmisher (Minotaur Abyssal Knight)   Turns: 249, Time: 00:00:33

Health: -2/27      AC:  3    Str: 17    XL:     2   Next: 3%
Magic:  2/2        EV: 11    Int:  7    God:    Lugonu [**....]
Gold:   12         SH:  0    Dex: 10    Spells: 1/1 levels left

rFire   . . .      SeeInvis .   a - +1 mace
rCold   . . .      Faith    .   (no shield)
rNeg    . . .      Spirit   .   b - +0 leather armour
rPois   .          Reflect  .   (helmet restricted)
rElec   .          Harm     .   (no cloak)
rCorr   .          Rampage  .   (no gloves)
Will    .....                   (no boots)
Stlth   +.........              (no amulet)
HPRegen 0.09/turn               (no ring)
MPRegen 0.08/turn               (no ring)

@: no status effects
A: horns 2, retaliatory headbutt
a: Renounce Religion, Depart the Abyss, Bend Space


You were on level 1 of the Dungeon.
You worshipped Lugonu.
Lugonu was pleased with you.
You visited 1 branch of the dungeon, and saw 1 of its levels.
You visited the Abyss 1 time.

You collected 12 gold pieces.

Inventory:

Hand Weapons
 a - a +1 mace (weapon)
Armour
 b - a +0 leather armour (worn)


   Skills:
 + Level 4.1 Fighting
 + Level 2.5 Maces & Flails
 + Level 2.6 Armour
 + Level 1.1 Dodging
 + Level 1.7 Invocations


You had one spell level left.
You didn't know any spells.
Your spell library was empty.

Dungeon Overview and Level Annotations

Branches:
Dungeon (1/15)

Altars:


Innate Abilities, Weirdness & Mutations

You have a pair of horns on your head.
You reflexively headbutt those who attack you in melee.


Message History

The kobold hits you with a +0 short sword of protection.
You hit the jackal.
The jackal is heavily wounded.
The ball python barely misses you. The ball python constricts you.
The jackal closely misses you.
The kobold hits you with a +0 short sword of protection.
The ball python bites you but does no damage.
The ball python constricts you. The jackal bites you.
You thump the jackal!
You kill the jackal!
Lugonu accepts your kill. The ball python closely misses you.
You furiously retaliate!
You headbutt the ball python!
You kill the ball python!
Lugonu accepts your kill. The kobold hits you but does no damage.
The kobold hits you with a +0 short sword of protection.
* * * LOW HITPOINT WARNING * * *
You have reached level 2!
You barely miss the kobold. You headbutt the kobold.
The kobold is moderately wounded.
The kobold barely misses you.
You hit the kobold but do no damage. The kobold hits you but does no damage.
You hit the kobold.
The kobold is severely wounded.
The kobold hits you with a +0 short sword of protection.
* * * LOW HITPOINT WARNING * * *
You barely miss the kobold.
The kobold is severely wounded.
The kobold completely misses you. You furiously retaliate!
You headbutt the kobold, but do no damage.
The kobold hits you with a +0 short sword of protection.
* * * LOW HITPOINT WARNING * * *
You hit the kobold but do no damage.
The kobold is severely wounded.
The kobold barely misses you.
You closely miss the kobold. Your headbutt misses the kobold.
The kobold is severely wounded.
The kobold hits you with a +0 short sword of protection.
You die...

..# ## #.#.#.# #.
#.#.#.# # #. #.#.#.#
#.##. #.#.#.# #....
#.#.#.# ####. ##.#.#.#
##.#.
..####.K....########..(.
......>@..............##
..####..†.########....#
##.#.# #.##.## #.#.#
#..#... ....# ##.####
...### #.# .#### #.#
####### ## #.# #...#.#
..# #.#


You could see a kobold.

Vanquished Creatures
  A ball python (D:1)
  2 endoplasms (D:1)
  A goblin (D:1)
  A hobgoblin (D:1)
  A jackal (D:1)
  A kobold (D:1)
7 creatures vanquished.

Notes
Turn   | Place    | Note
-------+----------+-------------------------------------------
     0 | Abyss:1  | jmlagarto the Minotaur Abyssal Knight began the quest for
                  | the Orb.
     0 | Abyss:1  | Reached XP level 1. HP: 19/19 MP: 1/1
     8 | D:1      | Escaped the Abyss
    82 | D:1      | Reached skill level 4 in Fighting
   244 | D:1      | Reached XP level 2. HP: 6/27 MP: 2/2
   249 | D:1      | Slain by a kobold

Illustrated notes

Levels and vault maps discovered:
D:1:      onia_arrival_mini_maze, layout_loops_corners,
          ebering_ecumenical_altar_ruins

Skill      XL: |  1 |
---------------+----+-----
Fighting       | 4 |  4.1
Maces & Flails | |  2.5
Armour         | |  2.6
Dodging        | |  1.1
Invocations    | |  1.7

Action                   || total
-------------------------++-------
Melee: Mace              ||    16
       Headbutt          ||     2
Armor: Leather armour    ||    11
Dodge: Dodged            ||    17

Table legend: (Time is in decaauts)
 A = Elapsed time spent in this place.
 B = Non-inter-level travel time spent in this place.
 C = Inter-level travel time spent in this place.
 D = Time resting spent in this place.
 E = Time spent auto-exploring this place.
 F = Levels seen in this place.
 G = Mean time per level.
                   A        B        C        D        E       F      G
               +--------+--------+--------+--------+--------+-----+--------+
         Total |    253 |    253 |      0 |      0 |    198 |   2 |  126.5 |
       Dungeon |    245 |    245 |      0 |      0 |    196 |   1 |  245.0 |
         Abyss |      8 |      8 |      0 |      0 |      2 |   1 |    8.0 |
               +--------+--------+--------+--------+--------+-----+--------+

Top non-repeatable levels by time:
     D:1: 245 daAuts
 Abyss:1: 8 daAuts
